PA
WALLA WALLA WALLEYE @ ALAMEDA AIRMEN
09/01/2025
 
TOP OF THE 1ST
Walla Walla Walleye batting - Pitching for Alameda Airmen : RHP Burm Snart
Pitching: RHP Burm Snart
Batting: RHB Teofanía Contreras 0-0: Called Strike
0-1: Ball
1-1: Swinging Strike
1-2: Ball
2-2: Fly out, F9 (Flyball, 9LS)
Batting: RHB Jerry Duke 0-0: Called Strike
0-1: Ball
1-1: SINGLE (Line Drive, 4D)
Batting: LHB Michael Malloy 0-0: Ball
Jerry Duke is caught stealing 2nd base
1-0: Ball
2-0: Swinging Strike
2-1: Foul Ball, location: 2F
2-2: Foul Ball, location: 2F
2-2: Foul Ball, location: 2F
2-2: Foul Ball, location: 2F
2-2: Ball
3-2: SINGLE (Groundball, 6S) (infield hit)
Batting: RHB Jing-sheng Joo 0-0: Fielders Choice at 2nd, 6-4 (Groundball, 56)
Top of the 1st over - 0 run(s), 2 hit(s), 0 error(s), 0 left on base; Walla Walla 0 - Alameda 0
BOTTOM OF THE 1ST
Alameda Airmen batting - Pitching for Walla Walla Walleye : RHP Bartolo Ruíz
Pitching: RHP Bartolo Ruíz
Batting: RHB Juan García 0-0: Ball
1-0: Swinging Strike
1-1: Foul Ball, location: 2F
1-2: SINGLE (Groundball, 56) (infield hit)
Batting: LHB Juan Ledezma 0-0: Ball
Juan García is caught stealing 2nd base
1-0: Fly out, F4 (Popup, 4MD)
Batting: RHB Fernando Trinidad 0-0: Swinging Strike
0-1: Ground out 6-3 (Groundball, 6MD)
Bottom of the 1st over - 0 run(s), 1 hit(s), 0 error(s), 0 left on base; Walla Walla 0 - Alameda 0
TOP OF THE 2ND
Walla Walla Walleye batting - Pitching for Alameda Airmen : RHP Burm Snart
Batting: LHB Gareth Monahan 0-0: Fly out, F7 (Flyball, 78S)
Batting: RHB Maik Palen 0-0: Ball
1-0: Ground out 6-3 (Groundball, 6)
Batting: RHB Juan Martínez 0-0: Ball
1-0: Ball
2-0: Ball
3-0: Called Strike
3-1: Foul Ball, location: 2F
3-2: Ground out U3 (Groundball, 34)
Top of the 2nd over - 0 run(s), 0 hit(s), 0 error(s), 0 left on base; Walla Walla 0 - Alameda 0
BOTTOM OF THE 2ND
Alameda Airmen batting - Pitching for Walla Walla Walleye : RHP Bartolo Ruíz
Batting: LHB Jorge Rodríguez 0-0: Called Strike
0-1: Ball
1-1: Swinging Strike
1-2: Foul Ball, location: 2F
1-2: Ball
2-2: Strikes out swinging
Batting: LHB Enrique Vásquez 0-0: Ball
1-0: Called Strike
1-1: Foul Ball, location: 2F
1-2: Strikes out looking
Batting: LHB Bob Maher 0-0: Called Strike
0-1: Ball
1-1: Called Strike
1-2: Ball
2-2: Fly out, F8 (Flyball, 89S)
Bottom of the 2nd over - 0 run(s), 0 hit(s), 0 error(s), 0 left on base; Walla Walla 0 - Alameda 0
TOP OF THE 3RD
Walla Walla Walleye batting - Pitching for Alameda Airmen : RHP Burm Snart
Batting: SHB Horatio McAllister 0-0: Ball
1-0: Ball
2-0: Ball
3-0: Called Strike
3-1: Fly out, F9 (Flyball, 9D)
Batting: RHB Joaquín Villarreal 0-0: Swinging Strike
0-1: Called Strike
0-2: SINGLE (Line Drive, 6M)
Batting: RHB Teofanía Contreras 0-0: Ball
1-0: Swinging Strike
1-1: Ball
2-1: Called Strike
2-2: Foul Ball, location: 2F
2-2: Ball
3-2: Foul Ball, location: 2F
3-2: Base on Balls
Joaquín Villarreal to second
Batting: RHB Jerry Duke 0-0: Called Strike
0-1: Ball
1-1: Ground out U3 (Groundball, 34S)
Joaquín Villarreal to third
Teofanía Contreras to second
Batting: LHB Michael Malloy 0-0: Ball
1-0: Called Strike
1-1: Ball
2-1: Foul Ball, location: 2F
2-2: Foul Ball, location: 2F
2-2: Ball
3-2: Fly out, F8 (Flyball, 8LM)
Top of the 3rd over - 0 run(s), 1 hit(s), 0 error(s), 2 left on base; Walla Walla 0 - Alameda 0
BOTTOM OF THE 3RD
Alameda Airmen batting - Pitching for Walla Walla Walleye : RHP Bartolo Ruíz
Batting: RHB Teobaldo Pasquetto 0-0: Called Strike
0-1: SINGLE (Groundball, 56D)
Batting: RHB Javier Marino 0-0: Ball
1-0: Ball
2-0: Called Strike
2-1: Called Strike
2-2: Ball
3-2: Base on Balls
Teobaldo Pasquetto to second
Batting: LHB Armando Carmona 0-0: SINGLE (Line Drive, 6D)
Teobaldo Pasquetto to third
Javier Marino to second
Batting: RHB Juan García 0-0: Ball
1-0: Ball
2-0: Fly out, F8 (Flyball, 8LS)
Runner from 3rd tags up, SCORES, throw made
Batting: LHB Juan Ledezma 0-0: Called Strike
0-1: Called Strike
0-2: Fly out, F9 (Line Drive, 9)
Batting: RHB Fernando Trinidad 0-0: Fly out, F8 (Flyball, 8RXD)
Bottom of the 3rd over - 1 run(s), 2 hit(s), 0 error(s), 2 left on base; Walla Walla 0 - Alameda 1
TOP OF THE 4TH
Walla Walla Walleye batting - Pitching for Alameda Airmen : RHP Burm Snart
Batting: RHB Jing-sheng Joo 0-0: Called Strike
0-1: Ball
1-1: Ground out 6-3 (Groundball, 6)
Batting: LHB Gareth Monahan 0-0: Called Strike
0-1: Foul Ball, location: 2F
0-2: Foul Ball, location: 2F
0-2: Ball
1-2: Foul Ball, location: 2F
1-2: Foul Ball, location: 2F
1-2: Fly out, F9 (Flyball, 9)
Batting: RHB Maik Palen 0-0: Ball
1-0: Foul Ball, location: 2F
1-1: Ball
2-1: Ground out 1-3 (Groundball, 13S)
Top of the 4th over - 0 run(s), 0 hit(s), 0 error(s), 0 left on base; Walla Walla 0 - Alameda 1
BOTTOM OF THE 4TH
Alameda Airmen batting - Pitching for Walla Walla Walleye : RHP Bartolo Ruíz
Batting: LHB Jorge Rodríguez 0-0: Fly out, F8 (Flyball, 8LD)
Batting: LHB Enrique Vásquez 0-0: Foul Ball, location: 2F
0-1: Ball
1-1: Fly out, F7 (Flyball, 78S)
Batting: LHB Bob Maher 0-0: Called Strike
0-1: SINGLE (Flyball, 8RS)
Batting: RHB Teobaldo Pasquetto 0-0: Ball
1-0: Ball
2-0: Ball
3-0: Called Strike
3-1: Foul Ball, location: 2F
3-2: Strikes out swinging
Bottom of the 4th over - 0 run(s), 1 hit(s), 0 error(s), 1 left on base; Walla Walla 0 - Alameda 1
TOP OF THE 5TH
Walla Walla Walleye batting - Pitching for Alameda Airmen : RHP Burm Snart
Batting: RHB Juan Martínez 0-0: Called Strike
0-1: Swinging Strike
0-2: DOUBLE (Line Drive, 9)
Batting: SHB Horatio McAllister 0-0: Called Strike
0-1: SINGLE (Flyball, 6MD)
Juan Martínez to third
Batting: RHB Joaquín Villarreal 0-0: SINGLE (Groundball, 56D)
Juan Martínez scores
Horatio McAllister to second
Batting: RHB Teofanía Contreras 0-0: Ball
1-0: Bunted foul
1-1: Sac Bunt - play at first, batter OUT! 1-4
Horatio McAllister to third
Joaquín Villarreal to second
Batting: RHB Jerry Duke 0-0: Called Strike
0-1: Called Strike
0-2: Ball
1-2: Ball
2-2: Ball
3-2: SINGLE (Line Drive, 6MD)
Horatio McAllister scores
Joaquín Villarreal to third
Batting: LHB Michael Malloy 0-0: Called Strike
0-1: Called Strike
0-2: Fly out, F4 (Line Drive, 4M)
Batting: RHB Jing-sheng Joo 0-0: Fly out, F8 (Flyball, 8LM)
Top of the 5th over - 2 run(s), 4 hit(s), 0 error(s), 2 left on base; Walla Walla 2 - Alameda 1
BOTTOM OF THE 5TH
Alameda Airmen batting - Pitching for Walla Walla Walleye : RHP Bartolo Ruíz
Batting: RHB Javier Marino 0-0: Ball
1-0: Ground out 1-3 (Groundball, 13S)
Batting: LHB Armando Carmona 0-0: SINGLE (Line Drive, 6D)
Batting: RHB Juan García 0-0: Ball
Armando Carmona is caught stealing 2nd base
1-0: Ball
2-0: Foul Ball, location: 2F
2-1: Ground out 5-3 (Groundball, 25)
Bottom of the 5th over - 0 run(s), 1 hit(s), 0 error(s), 0 left on base; Walla Walla 2 - Alameda 1
TOP OF THE 6TH
Walla Walla Walleye batting - Pitching for Alameda Airmen : RHP Burm Snart
Batting: LHB Gareth Monahan 0-0: Fly out, F8 (Flyball, 8RM)
Batting: RHB Maik Palen 0-0: Hit by Pitch
Batting: RHB Juan Martínez 0-0: Ball
1-0: Swinging Strike
1-1: Ball
2-1: Called Strike
2-2: Ball
3-2: Base on Balls
Maik Palen to second
Batting: SHB Horatio McAllister 0-0: Called Strike
0-1: Fly out, F4 (Popup, 4MD)
Batting: RHB Joaquín Villarreal 0-0: Ball
1-0: SINGLE (Groundball, 56D)
Maik Palen to third
Juan Martínez to second
Runner from 3rd tries for Home, SAFE, no throw
Batting: RHB Teofanía Contreras 0-0: Called Strike
0-1: Ball
1-1: Fielders Choice at 2nd, 4-6 (Groundball, 4)
Top of the 6th over - 1 run(s), 1 hit(s), 0 error(s), 1 left on base; Walla Walla 3 - Alameda 1
BOTTOM OF THE 6TH
Alameda Airmen batting - Pitching for Walla Walla Walleye : RHP Bartolo Ruíz
Batting: LHB Juan Ledezma 0-0: Ball
1-0: Ground out U3 (Groundball, 3)
Batting: RHB Fernando Trinidad 0-0: Ball
1-0: Ball
2-0: Called Strike
2-1: Called Strike
2-2: Foul Ball, location: 2F
2-2: Foul Ball, location: 2F
2-2: Foul Ball, location: 2F
2-2: Foul Ball, location: 2F
2-2: SINGLE (Line Drive, 8RS)
Batting: LHB Jorge Rodríguez 0-0: Foul Ball, location: 2F
0-1: Ball
1-1: Ball
2-1: Ball
3-1: Foul Ball, location: 2F
3-2: SINGLE (Groundball, 3D)
Fernando Trinidad to second
Runner from 2nd tries for 3rd, SAFE, throw made to third
Batting: LHB Enrique Vásquez 0-0: Foul Ball, location: 2F
0-1: Ball
1-1: Ball
2-1: Ball
3-1: Called Strike
3-2: Hit by Pitch
Jorge Rodríguez to second
Batting: LHB Bob Maher 0-0: Ball
1-0: Called Strike
1-1: Swinging Strike
1-2: Ball
2-2: Foul Ball, location: 2F
2-2: Fielders Choice at 2nd, 3-6 (Groundball, 34)
Fernando Trinidad scores
Jorge Rodríguez to third
Batting: RHB Teobaldo Pasquetto 0-0: Ball
1-0: SINGLE (Groundball, 56D)
Jorge Rodríguez scores
Bob Maher to second
Batting: RHB Javier Marino 0-0: Ball
1-0: Fielders Choice at 2nd, 6-4 (Groundball, 6D)
Bottom of the 6th over - 2 run(s), 3 hit(s), 0 error(s), 1 left on base; Walla Walla 3 - Alameda 3
TOP OF THE 7TH
Walla Walla Walleye batting - Pitching for Alameda Airmen : RHP Burm Snart
Pitching: LHP Diego Vázquez
Batting: RHB Jerry Duke 0-0: Swinging Strike
0-1: Ground out 4-3 (Groundball, 4M)
Pinch Hitting: RHB Tom Milligan 0-0: Called Strike
0-1: Foul Ball, location: 2F
0-2: Ground out 3-1 (Groundball, 34S)
Batting: RHB Jing-sheng Joo 0-0: Ball
1-0: Fly out, F9 (Flyball, 9)
Top of the 7th over - 0 run(s), 0 hit(s), 0 error(s), 0 left on base; Walla Walla 3 - Alameda 3
BOTTOM OF THE 7TH
Alameda Airmen batting - Pitching for Walla Walla Walleye : RHP Bartolo Ruíz
Now in RF: Carey Heidemann
Batting: LHB Armando Carmona 0-0: Ball
1-0: Ball
2-0: Ball
3-0: Called Strike
3-1: SINGLE (Groundball, 34S) (infield hit)
Batting: RHB Juan García 0-0: Ball
1-0: Bunt missed!
1-1: Ball
2-1: Bunted foul
2-2: Reached on error, E5 (Groundball, 5L)
Armando Carmona to third
Pitching: LHP Reid Garrett
Batting: LHB Juan Ledezma 0-0: SINGLE (Groundball, 6MD)
Armando Carmona scores
Juan García to third
Batting: RHB Fernando Trinidad 0-0: Called Strike
0-1: Ball
1-1: Ball
2-1: SINGLE (Flyball, 8RS)
Juan García scores
Juan Ledezma to second
Batting: LHB Jorge Rodríguez 0-0: Ball
Juan Ledezma is caught stealing 3rd base
Fernando Trinidad to second
1-0: Called Strike
1-1: Called Strike
1-2: Strikes out swinging
Batting: LHB Enrique Vásquez 0-0: Ball
1-0: Ball
2-0: Foul Ball, location: 2F
2-1: Swinging Strike
2-2: Strikes out swinging
Bottom of the 7th over - 2 run(s), 3 hit(s), 1 error(s), 1 left on base; Walla Walla 3 - Alameda 5
TOP OF THE 8TH
Walla Walla Walleye batting - Pitching for Alameda Airmen : LHP Diego Vázquez
Now at C: Juan Costello
Batting: LHB Gareth Monahan 0-0: Called Strike
0-1: Fly out, F2 (Popup, 23)
Batting: RHB Maik Palen 0-0: Foul Ball, location: 2F
0-1: Foul Ball, location: 2F
0-2: Ball
1-2: Fly out, F8 (Flyball, 8LD)
Batting: RHB Juan Martínez 0-0: Called Strike
0-1: Swinging Strike
0-2: Strikes out swinging
Top of the 8th over - 0 run(s), 0 hit(s), 0 error(s), 0 left on base; Walla Walla 3 - Alameda 5
BOTTOM OF THE 8TH
Alameda Airmen batting - Pitching for Walla Walla Walleye : LHP Reid Garrett
Batting: LHB Bob Maher 0-0: Foul Ball, location: 2F
0-1: Ball
1-1: Ball
2-1: Foul Ball, location: 2F
2-2: Ground out 4-3 (Groundball, 34)
Batting: RHB Teobaldo Pasquetto 0-0: Ball
1-0: Called Strike
1-1: Ball
2-1: Foul Ball, location: 2F
2-2: Ball
3-2: Base on Balls
Batting: RHB Javier Marino 0-0: Ball
1-0: Ball
2-0: Ball
3-0: Base on Balls
Teobaldo Pasquetto to second
Pinch Hitting: RHB Mario Salazar 0-0: Foul Ball, location: 2F
0-1: Swinging Strike
0-2: Strikes out swinging
Pitching: RHP José Marroquín
Batting: RHB Juan García 0-0: Ball
1-0: Called Strike
1-1: Ball
2-1: Ball
3-1: Base on Balls
Teobaldo Pasquetto to third
Javier Marino to second
Pinch Hitting: RHB Jim Unknown 0-0: Ground out 6-3 (Groundball, 6S)
Bottom of the 8th over - 0 run(s), 0 hit(s), 0 error(s), 3 left on base; Walla Walla 3 - Alameda 5
TOP OF THE 9TH
Walla Walla Walleye batting - Pitching for Alameda Airmen : LHP Diego Vázquez
Pitching: RHP Reynaldo Maestas
Now in LF: Jim Unknown
Now in RF: Billy Mays
Batting: SHB Horatio McAllister 0-0: Called Strike
0-1: SINGLE (Groundball, 4) (infield hit)
Pinch Hitting: SHB David Martínez 0-0: Fielders Choice at 2nd, 4-6 (Groundball, 4)
Pinch Hitting: LHB Jim Unknown 0-0: Ball
1-0: Ball
2-0: Called Strike
2-1: Ball
3-1: Foul Ball, location: 2F
3-2: Foul Ball, location: 2F
3-2: Base on Balls
David Martínez to second
Batting: RHB Jerry Duke 0-0: Ball
1-0: Ball
2-0: Ball
3-0: Called Strike
3-1: Base on Balls
David Martínez to third
Jim Unknown to second
Pinch Hitting: LHB Alberto Garza 0-0: Ball
1-0: Swinging Strike
1-1: Fielders Choice at 2nd, 6-4 (Groundball, 6)
David Martínez scores
Jim Unknown to third
Batting: RHB Jing-sheng Joo 0-0: Ground out 5-3 (Groundball, 5S)
Top of the 9th over - 1 run(s), 1 hit(s), 0 error(s), 2 left on base; Walla Walla 4 - Alameda 5
Friday, December 30th, 2016 - OOTP Baseball 17.12 Build 75